Map: Thunderbird LE

Players

Hamburger - Winner!

  • Race: Terran Terran
  • League: Platinum
  • Spawn Location: 5:00

Mesrob

  • Race: Terran Terran
  • League: Platinum
  • Spawn Location: 11:00

VOD

Have the link to the VOD?

Description

Time

  • Played on: July 15, 2019, 7:54 p.m.
  • Length: 5:12
Show
View Real Time Build Order
Export as new Build Order

Hamburger Terran - Winner!

Build Orders: Gas First Reaper Expand 

Get SALT Encoding   

  12  0:00  SCV  
  13  0:13  Supply Depot  
  13  0:21  Refinery  
  13  0:24  SCV  
  14  0:40  Barracks  
  14  0:46  SCV  
  15  1:00  SCV  
  16  1:27  Reaper  
  16  1:30  Command Center  
  17  1:37  SCV  
  18  1:45  Supply Depot  
  18  1:57  Factory  
  18  2:03  Marine  
  19  2:08  SCV  
  20  2:23  Marine  
  20  2:24  Barracks  
  20  2:49  SCV x2  
  20  2:50  Widow Mine  
  24  2:54  Marine  
  25  2:59  Refinery  
  25  3:01  SCV  
  26  3:12  Marine  
  22  3:28  Marine  
  22  3:30  Marine  
  23  3:38  Widow Mine  
  25  3:47  SCV  
  25  3:48  Marine  
  21  3:57  Marine  
  21  3:59  SCV  
  23  4:06  Marine  
  26  4:10  Widow Mine  
  26  4:11  SCV  
  27  4:23  Marine  
  27  4:24  SCV  
  30  4:53  Supply Depot  
  30  4:54  Supply Depot x2  
  30  4:58  Factory Tech Lab  
Show
View Real Time Build Order
Export as new Build Order

Mesrob Terran 

Build Orders:  

Get SALT Encoding   

  12  0:00  SCV  
  13  0:12  SCV  
  14  0:28  Supply Depot, SCV  
  16  0:50  Barracks, SCV  
  16  1:02  Refinery  
  16  1:11  Supply Depot  
  16  1:15  Barracks  
  16  1:23  SCV  
  17  1:44  Reaper  
  18  1:58  Bunker  
  18  2:05  Marine  
  19  2:16  Marine  
  19  2:17  Refinery  
  20  2:23  Marine  
  21  2:34  Marine  
  22  2:41  Marine  
  22  2:42  Factory  
  23  2:52  Marine  
  23  2:57  Orbital Command  
  22  2:59  Marine  
  23  3:10  Marine  
  23  3:17  Marine  
  21  3:27  Marine  
  20  3:35  Marine  
  20  3:36  Factory Reactor  
  21  3:45  Marine  
  21  3:53  Marine  
  15  4:03  Marine  
  13  4:11  Marine  
  13  4:21  Marine  
  13  4:29  Marine  
  13  4:39  Marine  
  14  4:47  Marine  
Tags
 
Add a new tag
Caveats
  • Supply blocks, unpowered buildings, or Contaminate may cause inaccurate times.
  • Supply counts are checked every 10 seconds.